TOP OF THE 1ST |
Las Vegas Stars batting - Pitching for Calgary Cowboys : RHP Michael Carr
|
Pitching: RHP Michael Carr
|
|
Batting: SHB Héctor Barajas
|
0-0: Ball 1-0: Foul Ball, location: 2F 1-1: Ball 2-1: Ball 3-1: Called Strike 3-2: Strikes out swinging
|
Batting: RHB Douglas Davis
|
0-0: Swinging Strike 0-1: Foul Ball, location: 2F 0-2: Ball 1-2: Ground out 5-3 (Groundball, 5L)
|
Batting: SHB Júlio Salazar
|
0-0: Fly out, F7 (Flyball, 78M)
|
Top of the 1st over - 0 run(s), 0 hit(s), 0 error(s), 0 left on base; Las Vegas 0 - Calgary 0 |
BOTTOM OF THE 1ST |
Calgary Cowboys batting - Pitching for Las Vegas Stars : RHP Javier Valenzuela
|
Pitching: RHP Javier Valenzuela
|
|
Batting: LHB Enrico Vargas
|
0-0: Ball 1-0: Ball 2-0: DOUBLE (Line Drive, 89D)
|
Batting: LHB Miguel Pérez
|
0-0: Called Strike 0-1: Ball 1-1: Ball 2-1: Foul Ball, location: 2F 2-2: Foul Ball, location: 2F 2-2: Foul Ball, location: 2F 2-2: Strikes out swinging
|
Batting: LHB Greg Nelson
|
0-0: Ball 1-0: Called Strike 1-1: SINGLE (Line Drive, 56D) Enrico Vargas to third Runner from 3rd tries for Home, SAFE, no throw
|
Batting: LHB José Liñares
|
0-0: Swinging Strike 0-1: Ball 1-1: Ball 2-1: Ball 3-1: Fielders Choice at 2nd, 1-6 (Groundball, 13)
|
Batting: RHB Todd Bryant
|
0-0: Ball 1-0: Foul Ball, location: 2F 1-1: Swinging Strike 1-2: Foul Ball, location: 2F 1-2: Strikes out swinging
|
Bottom of the 1st over - 1 run(s), 2 hit(s), 0 error(s), 1 left on base; Las Vegas 0 - Calgary 1 |
TOP OF THE 2ND |
Las Vegas Stars batting - Pitching for Calgary Cowboys : RHP Michael Carr
|
Batting: RHB Kyle Bacon
|
0-0: SINGLE (Groundball, 56) (infield hit)
|
Batting: RHB Brian George
|
0-0: SINGLE (Groundball, 56S) (infield hit) Kyle Bacon to second
|
Batting: LHB Terry White
|
0-0: Ball 1-0: Foul Ball, location: 2F 1-1: Foul Ball, location: 2F 1-2: Foul Ball, location: 2F 1-2: Strikes out looking
|
Batting: LHB Diego Torres
|
0-0: Ball 1-0: Ball 2-0: Called Strike 2-1: SINGLE (Line Drive, 6D) Kyle Bacon to third Brian George to second
|
Batting: LHB Paco Rivera
|
0-0: Ball 1-0: Called Strike 1-1: Called Strike 1-2: Ball 2-2: Ball 3-2: Strikes out swinging
|
Batting: RHB Ryan McBride
|
0-0: Ball 1-0: Swinging Strike 1-1: Foul Ball, location: 2F 1-2: Foul Ball, location: 2F 1-2: Ball 2-2: Fly out, F9 (Flyball, 89M)
|
Top of the 2nd over - 0 run(s), 3 hit(s), 0 error(s), 3 left on base; Las Vegas 0 - Calgary 1 |
BOTTOM OF THE 2ND |
Calgary Cowboys batting - Pitching for Las Vegas Stars : RHP Javier Valenzuela
|
Batting: RHB Dan Wyatt
|
0-0: Called Strike 0-1: Foul Ball, location: 2F 0-2: Ground out 6-3 (Groundball, 6)
|
Batting: LHB Freddy Herrera
|
0-0: Swinging Strike 0-1: Swinging Strike 0-2: Foul Ball, location: 2F 0-2: Strikes out swinging
|
Batting: RHB Shayne Burry
|
0-0: Ball 1-0: Fly out, F7 (Flyball, 7S)
|
Bottom of the 2nd over - 0 run(s), 0 hit(s), 0 error(s), 0 left on base; Las Vegas 0 - Calgary 1 |
TOP OF THE 3RD |
Las Vegas Stars batting - Pitching for Calgary Cowboys : RHP Michael Carr
|
Batting: SHB Héctor Barajas
|
0-0: Called Strike 0-1: Ball 1-1: Swinging Strike 1-2: Foul Ball, location: 2F 1-2: Foul Ball, location: 2F 1-2: Ball 2-2: Foul Ball, location: 2F 2-2: Foul Ball, location: 2F 2-2: Foul Ball, location: 2F 2-2: Fly out, F8 (Line Drive, 8LD)
|
Batting: RHB Douglas Davis
|
0-0: Ball 1-0: Called Strike 1-1: Foul Ball, location: 2F 1-2: Foul Ball, location: 2F 1-2: Ball 2-2: Foul Ball, location: 2F 2-2: Ball 3-2: Ground out 5-3 (Groundball, 56S)
|
Batting: SHB Júlio Salazar
|
0-0: Ball 1-0: Foul Ball, location: 2F 1-1: Swinging Strike 1-2: Ball 2-2: Strikes out looking
|
Top of the 3rd over - 0 run(s), 0 hit(s), 0 error(s), 0 left on base; Las Vegas 0 - Calgary 1 |
BOTTOM OF THE 3RD |
Calgary Cowboys batting - Pitching for Las Vegas Stars : RHP Javier Valenzuela
|
Batting: RHB Mario Sánchez
|
0-0: Ball 1-0: Ball 2-0: Bunt for hit - play at first, batter OUT! 5-3
|
Batting: LHB Enrico Vargas
|
0-0: SINGLE (Groundball, 5D)
|
Batting: LHB Miguel Pérez
|
0-0: Foul Ball, location: 2F 0-1: Grounds into double play, 5-4-3 (Groundball, 56)
|
Bottom of the 3rd over - 0 run(s), 1 hit(s), 0 error(s), 0 left on base; Las Vegas 0 - Calgary 1 |
TOP OF THE 4TH |
Las Vegas Stars batting - Pitching for Calgary Cowboys : RHP Michael Carr
|
Batting: RHB Kyle Bacon
|
0-0: Swinging Strike 0-1: Foul Ball, location: 2F 0-2: SINGLE (Flyball, 6MD)
|
Batting: RHB Brian George
|
0-0: Called Strike 0-1: Ball 1-1: Ball 2-1: Foul Ball, location: 2F 2-2: Ball 3-2: SINGLE (Line Drive, 7S) Kyle Bacon to second
|
Batting: LHB Terry White
|
0-0: Called Strike 0-1: Ball 1-1: Ball 2-1: DOUBLE (Line Drive, 7LS) Kyle Bacon scores Brian George to third
|
Batting: LHB Diego Torres
|
0-0: DOUBLE (Flyball, 7LM) Brian George scores Terry White scores
|
Batting: LHB Paco Rivera
|
0-0: Ball 1-0: Ball 2-0: Called Strike 2-1: Fly out, F8 (Flyball, 78M)
|
Batting: RHB Ryan McBride
|
0-0: SINGLE (Groundball, 4MD) Diego Torres to third
|
Batting: SHB Héctor Barajas
|
0-0: Called Strike 0-1: Foul Ball, location: 2F 0-2: Foul Ball, location: 2F 0-2: Ball 1-2: Strikes out looking
|
Batting: RHB Douglas Davis
|
0-0: Fielders Choice at 2nd, 5-4 (Groundball, 56)
|
Top of the 4th over - 3 run(s), 5 hit(s), 0 error(s), 1 left on base; Las Vegas 3 - Calgary 1 |
BOTTOM OF THE 4TH |
Calgary Cowboys batting - Pitching for Las Vegas Stars : RHP Javier Valenzuela
|
Batting: LHB Greg Nelson
|
0-0: Ball 1-0: Foul Ball, location: 2F 1-1: Foul Ball, location: 2F 1-2: Strikes out swinging
|
Batting: LHB José Liñares
|
0-0: Called Strike 0-1: Ball 1-1: Swinging Strike 1-2: Fly out, F8 (Flyball, 8LD)
|
Batting: RHB Todd Bryant
|
0-0: Called Strike 0-1: Ball 1-1: Ball 2-1: Ball 3-1: Base on Balls
|
Pitching: RHP Jorge Oliva
|
|
Batting: RHB Dan Wyatt
|
0-0: Ball 1-0: Called Strike 1-1: Fly out, F9 (Flyball, 9S)
|
Bottom of the 4th over - 0 run(s), 0 hit(s), 0 error(s), 1 left on base; Las Vegas 3 - Calgary 1 |
TOP OF THE 5TH |
Las Vegas Stars batting - Pitching for Calgary Cowboys : RHP Michael Carr
|
Batting: SHB Júlio Salazar
|
0-0: Called Strike 0-1: Ball 1-1: Ground out 6-3 (Groundball, 56)
|
Batting: RHB Kyle Bacon
|
0-0: Called Strike 0-1: Ball 1-1: Swinging Strike 1-2: Strikes out swinging
|
Batting: RHB Brian George
|
0-0: Ball 1-0: Foul Ball, location: 2F 1-1: Called Strike 1-2: Strikes out looking
|
Top of the 5th over - 0 run(s), 0 hit(s), 0 error(s), 0 left on base; Las Vegas 3 - Calgary 1 |
BOTTOM OF THE 5TH |
Calgary Cowboys batting - Pitching for Las Vegas Stars : RHP Jorge Oliva
|
Batting: LHB Freddy Herrera
|
0-0: Ball 1-0: Ball 2-0: Foul Ball, location: 2F 2-1: Called Strike 2-2: SINGLE (Flyball, 8LS)
|
Batting: RHB Shayne Burry
|
0-0: Ball 1-0: Ball 2-0: Called Strike 2-1: Called Strike 2-2: Foul Ball, location: 2F 2-2: Foul Ball, location: 2F 2-2: Strikes out looking
|
Batting: RHB Mario Sánchez
|
0-0: Called Strike 0-1: Swinging Strike 0-2: Ball 1-2: Grounds into double play, 6-4-3 (Groundball, 6)
|
Bottom of the 5th over - 0 run(s), 1 hit(s), 0 error(s), 0 left on base; Las Vegas 3 - Calgary 1 |
TOP OF THE 6TH |
Las Vegas Stars batting - Pitching for Calgary Cowboys : RHP Michael Carr
|
Pitching: RHP Lorenzo Montáñez
|
|
Batting: LHB Terry White
|
0-0: Called Strike 0-1: Fly out, F9 (Flyball, 9)
|
Batting: LHB Diego Torres
|
0-0: Foul Ball, location: 2F 0-1: Ball 1-1: Foul Ball, location: 2F 1-2: Ball 2-2: Ball 3-2: Strikes out looking
|
Batting: LHB Paco Rivera
|
0-0: Ball 1-0: Ground out 4-3 (Groundball, 4)
|
Top of the 6th over - 0 run(s), 0 hit(s), 0 error(s), 0 left on base; Las Vegas 3 - Calgary 1 |
BOTTOM OF THE 6TH |
Calgary Cowboys batting - Pitching for Las Vegas Stars : RHP Jorge Oliva
|
Batting: LHB Enrico Vargas
|
0-0: Ball 1-0: Called Strike 1-1: Ground out 3-1 (Groundball, 34)
|
Batting: LHB Miguel Pérez
|
0-0: Ball 1-0: Foul Ball, location: 2F 1-1: Ground out 6-3 (Groundball, 6)
|
Batting: LHB Greg Nelson
|
0-0: Ball 1-0: Called Strike 1-1: Foul Ball, location: 2F 1-2: Ball 2-2: DOUBLE (Groundball, 3L)
|
Batting: LHB José Liñares
|
0-0: Ball 1-0: Ground out U3 (Groundball, 3)
|
Bottom of the 6th over - 0 run(s), 1 hit(s), 0 error(s), 1 left on base; Las Vegas 3 - Calgary 1 |
TOP OF THE 7TH |
Las Vegas Stars batting - Pitching for Calgary Cowboys : RHP Lorenzo Montáñez
|
Batting: RHB Ryan McBride
|
0-0: Ball 1-0: Ball 2-0: DOUBLE (Line Drive, 7LD)
|
Batting: SHB Héctor Barajas
|
0-0: Swinging Strike 0-1: Called Strike 0-2: Strikes out looking
|
Batting: RHB Douglas Davis
|
0-0: Ball 1-0: Ball 2-0: Ball 3-0: Base on Balls
|
Batting: SHB Júlio Salazar
|
0-0: Ball 1-0: Foul Ball, location: 2F 1-1: Ball 2-1: Ball 3-1: Fly out, F7 (Flyball, 7S)
|
Batting: RHB Kyle Bacon
|
0-0: Ball 1-0: Foul Ball, location: 2F 1-1: Ball 2-1: Foul Ball, location: 2F 2-2: Fly out, F9 (Flyball, 9LMF)
|
Top of the 7th over - 0 run(s), 1 hit(s), 0 error(s), 2 left on base; Las Vegas 3 - Calgary 1 |
BOTTOM OF THE 7TH |
Calgary Cowboys batting - Pitching for Las Vegas Stars : RHP Jorge Oliva
|
Batting: RHB Todd Bryant
|
0-0: Called Strike 0-1: Ball 1-1: Ground out 5-3 (Groundball, 5)
|
Batting: RHB Dan Wyatt
|
0-0: Called Strike 0-1: Foul Ball, location: 2F 0-2: Ball 1-2: Ball 2-2: Ball 3-2: Ground out 6-3 (Groundball, 6M)
|
Batting: LHB Freddy Herrera
|
0-0: Swinging Strike 0-1: Foul Ball, location: 2F 0-2: Foul Ball, location: 2F 0-2: Foul Ball, location: 2F 0-2: Fly out, F2 (Popup, 23)
|
Bottom of the 7th over - 0 run(s), 0 hit(s), 0 error(s), 0 left on base; Las Vegas 3 - Calgary 1 |
TOP OF THE 8TH |
Las Vegas Stars batting - Pitching for Calgary Cowboys : RHP Lorenzo Montáñez
|
Batting: RHB Brian George
|
0-0: Called Strike 0-1: Ball 1-1: Foul Ball, location: 2F 1-2: Strikes out swinging
|
Batting: LHB Terry White
|
0-0: Ball 1-0: Ball 2-0: Foul Ball, location: 2F 2-1: SOLO HOME RUN (Flyball, 8RXD), Distance : 443 ft
|
Batting: LHB Diego Torres
|
0-0: Ball 1-0: Foul Ball, location: 2F 1-1: Swinging Strike 1-2: Ball 2-2: Fly out, F9 (Flyball, 9)
|
Pitching: LHP Alfredo Durán
|
|
Batting: LHB Paco Rivera
|
0-0: Ball 1-0: Ball 2-0: Ball 3-0: Called Strike 3-1: Base on Balls
|
Batting: RHB Ryan McBride
|
0-0: Swinging Strike 0-1: Ball 1-1: SINGLE (Line Drive, 7S) Paco Rivera to second
|
Batting: SHB Héctor Barajas
|
0-0: Ball 1-0: SINGLE (Flyball, 8LM) Paco Rivera to third Ryan McBride to second Runner from 3rd tries for Home, SAFE, no throw
|
Batting: RHB Douglas Davis
|
0-0: Ball 1-0: Swinging Strike 1-1: Foul Ball, location: 2F 1-2: Ground out U3 (Groundball, 34S)
|
Top of the 8th over - 2 run(s), 3 hit(s), 0 error(s), 2 left on base; Las Vegas 5 - Calgary 1 |
BOTTOM OF THE 8TH |
Calgary Cowboys batting - Pitching for Las Vegas Stars : RHP Jorge Oliva
|
Pitching: LHP Jesse Hoyt
|
|
Batting: RHB Shayne Burry
|
0-0: Ball 1-0: Ball 2-0: Ball 3-0: Called Strike 3-1: Base on Balls
|
Batting: RHB Mario Sánchez
|
0-0: Ball 1-0: Ball 2-0: Ball 3-0: Called Strike 3-1: Fly out, F9 (Flyball, 89D)
|
Batting: LHB Enrico Vargas
|
0-0: Fly out, F9 (Flyball, 9)
|
Batting: LHB Miguel Pérez
|
0-0: Swinging Strike 0-1: Called Strike 0-2: Ball 1-2: Foul Ball, location: 2F 1-2: Ball 2-2: Foul Ball, location: 2F 2-2: Foul Ball, location: 2F 2-2: Strikes out swinging
|
Bottom of the 8th over - 0 run(s), 0 hit(s), 0 error(s), 1 left on base; Las Vegas 5 - Calgary 1 |
TOP OF THE 9TH |
Las Vegas Stars batting - Pitching for Calgary Cowboys : LHP Alfredo Durán
|
Batting: SHB Júlio Salazar
|
0-0: Swinging Strike 0-1: Ball 1-1: Ball 2-1: Swinging Strike 2-2: Fly out, F9 (Flyball, 89M)
|
Batting: RHB Kyle Bacon
|
0-0: Ground out 5-3 (Groundball, 5)
|
Pitching: RHP Mitsunari Jouda
|
|
Batting: RHB Brian George
|
0-0: SINGLE (Flyball, 78S)
|
Batting: LHB Terry White
|
0-0: Called Strike 0-1: Foul Ball, location: 2F 0-2: Foul Ball, location: 2F 0-2: Ball 1-2: Strikes out swinging, 2-3 out at first.
|
Top of the 9th over - 0 run(s), 1 hit(s), 0 error(s), 1 left on base; Las Vegas 5 - Calgary 1 |
BOTTOM OF THE 9TH |
Calgary Cowboys batting - Pitching for Las Vegas Stars : LHP Jesse Hoyt
|
Batting: LHB Greg Nelson
|
0-0: Called Strike 0-1: Foul Ball, location: 2F 0-2: Strikes out swinging
|
Batting: LHB José Liñares
|
0-0: Ball 1-0: SINGLE (Groundball, 34D)
|
Batting: RHB Todd Bryant
|
0-0: Ball 1-0: SINGLE (Groundball, 6) (infield hit) José Liñares to second
|
Pitching: RHP Emílio Núñez
|
|
Batting: RHB Dan Wyatt
|
0-0: Swinging Strike 0-1: Foul Ball, location: 2F 0-2: Ball 1-2: Ball 2-2: Foul Ball, location: 2F 2-2: Ball 3-2: Ground out 5-3 (Groundball, 56S) José Liñares to third Todd Bryant to second
|
Batting: LHB Freddy Herrera
|
0-0: Foul Ball, location: 2F 0-1: Swinging Strike 0-2: Strikes out looking
|
Bottom of the 9th over - 0 run(s), 2 hit(s), 0 error(s), 2 left on base; Las Vegas 5 - Calgary 1 |
|